 Dungeon Crawl Stone Soup version 0.22-a0-618-gd6a3efe1fc (webtiles) character file.

118 Kholdaimon the Purveyor of Pain (level 4, -5/33 HPs)
             Began as a Mummy Necromancer on July 13, 2018.
             Was an Initiate of Kikubaaqudgha.
             Slain by Grinder (8 damage)
             ... on level 3 of the Dungeon.
             The game lasted 00:18:15 (2600 turns).

Kholdaimon the Purveyor of Pain (Mummy Necromancer) Turns: 2600, Time: 00:18:16

Health: -5/33      AC:  7    Str: 11    XL:     4   Next: 72%
Magic:  8/8        EV: 13    Int: 15    God:    Kikubaaqudgha [......]
Gold:   128        SH:  0    Dex: 12    Spells: 0/9 levels left

rFire    . . .     SeeInvis .   e - +0 spear
rCold    + + .     Gourm    .   (no shield)
rNeg     + + +     Faith    .   a - +0 robe
rPois    ∞         Spirit   .   n - +0 helmet
rElec    .         Reflect  .   r - scarf {rC+ rF+}
rCorr    .         Harm     .   p - +2 pair of gloves
MR       .....                  j - +0 pair of boots
Stlth    ++........             (no amulet)
HPRegen  0.11/turn              (no ring)
MPRegen  0.11/turn              (no ring)

@: no status effects
A: no food or potions, fire vulnerability, cold resistance 1, negative energy
resistance 3, torment resistance, unbreathing
a: Renounce Religion


You were on level 3 of the Dungeon.
You worshipped Kikubaaqudgha.
Kikubaaqudgha was noncommittal.
You were not hungry.

You visited 1 branch of the dungeon, and saw 3 of its levels.

You collected 128 gold pieces.

Inventory:

Hand Weapons
 e - a +0 spear (weapon)
Missiles
 c - 18 sling bullets
 g - 23 stones (quivered)
 m - 10 poisoned needles
 o - 21 bolts
Armour
 a - a +0 robe (worn)
 h - a +0 cloak
 j - a +0 pair of boots (worn)
 k - a +0 leather armour
 n - a +0 helmet (worn)
 p - a +2 pair of gloves (worn)
 q - a +0 ring mail
 r - a scarf of resistance (worn)
 s - cursed +0 swamp dragon scales
Jewellery
 f - a +2 ring of intelligence {unknown}
Scrolls
 b - 4 scrolls of identify {unknown}
 d - 3 scrolls of remove curse {unknown}
 i - a scroll of teleportation {unknown}
 l - a scroll of blinking {unknown}
 t - a scroll of noise {unknown}
 u - 2 scrolls of fear {unknown}
 v - a scroll of enchant armour {unknown}


   Skills:
 + Level 2.3 Fighting
 + Level 2.6 Dodging
 - Level 1.5 Stealth
 - Level 3.0 Spellcasting
 * Level 4.7 Necromancy


You couldn't memorise any spells.
You knew the following spells:

 Your Spells              Type           Power        Failure   Level  Hunger
a - Pain                  Necr           ###.         2%          1    N/A
b - Animate Skeleton      Necr           N/A          2%          1    N/A
c - Vampiric Draining     Necr           ###.......   9%          3    N/A
d - Animate Dead          Necr           N/A          28%         4    N/A

Your spell library contained the following spells:

 Spells                   Type           Power        Failure   Level  Hunger
 Regeneration             Chrm/Necr      #.........   22%         3    N/A

Dungeon Overview and Level Annotations

Branches:
Dungeon (3/15)

Altars:
Kikubaaqudgha

Annotations:
D:3 Grinder


Innate Abilities, Weirdness & Mutations

You do not eat or drink.
Your flesh is vulnerable to fire.
You are immune to poison.
Your flesh is cold resistant. (rC+)
You are immune to negative energy. (rN+++)
You are immune to unholy pain and torment.
You can survive without breathing.


Message History

Grinder is lightly wounded.
Grinder barely misses you.
You hit Grinder.
Grinder is moderately wounded.
Grinder barely misses you.
You closely miss Grinder.
Grinder is moderately wounded.
Grinder hits you.
* * * LOW HITPOINT WARNING * * *
You hit Grinder.
Grinder is moderately wounded.
Grinder hits you but does no damage.
Grinder says, "You look like you could use a good racking."
Grinder hits you.
* * * LOW HITPOINT WARNING * * *
You closely miss Grinder.
Grinder is moderately wounded.
Grinder hits you!
You die...
Kikubaaqudgha rasps: "You have failed me!
Welcome... oblivion!"

######## #### #......# #..#
#......# ############..#
#......#####............##
####........5@..########..##
###...........##### #...##
##.........###.##########.###
......#......#....<..#....#
.#####...###.#.##....>.####
## #.....#...#..###...#
###.###.#.##..# ###.#
####.....#...##.## #..#
.....###.#.....§# ######...


You could see Grinder.

Vanquished Creatures
  4 adders
  A worm (D:2)
  2 dart slugs
  5 leopard geckos (D:2)
  2 orcs (D:3)
  3 ball pythons
  A giant cockroach (D:1)
  4 goblins
  8 hobgoblins
  3 jackals (D:2)
  A quokka (D:3)
  7 bats
  A frilled lizard (D:1)
  10 kobolds
  8 rats
60 creatures vanquished.

Vanquished Creatures (collateral kills)
  A worm (D:2)
  A goblin (D:2)
  A hobgoblin (D:1)
  A jackal (D:2)
  A frilled lizard (D:2)
  A kobold (D:3)
  A rat (D:2)
7 creatures vanquished.

Grand Total: 67 creatures vanquished

Notes
Turn   | Place    | Note
-------+----------+-------------------------------------------
     0 | D:1      | Kholdaimon the Mummy Necromancer began the quest for the Orb.
     0 | D:1      | Reached XP level 1. HP: 13/13 MP: 4/4
    81 | D:1      | Learned a level 1 spell: Animate Skeleton
   219 | D:1      | Reached XP level 2. HP: 19/20 MP: 5/5
   486 | D:1      | Reached skill level 1 in Fighting
   810 | D:2      | Reached XP level 3. HP: 24/26 MP: 0/7
  1539 | D:2      | Reached XP level 4. HP: 33/33 MP: 1/8
  2281 | D:3      | Learned a level 3 spell: Vampiric Draining
  2286 | D:3      | Learned a level 4 spell: Animate Dead
  2305 | D:3      | Found an ancient bone altar of Kikubaaqudgha.
  2332 | D:3      | Became a worshipper of Kikubaaqudgha
  2443 | D:3      | Noticed Grinder
  2451 | D:3      | Paralysed by Grinder for 4 turns
  2576 | D:3      | Paralysed by Grinder for 6 turns
  2585 | D:3      | Paralysed by Grinder for 3 turns
  2592 | D:3      | Paralysed by Grinder for 3 turns
  2600 | D:3      | Slain by Grinder

Vault maps used:
D:1:      matt_arrival_spirals
D:2:      first_ration
D:3:      old_standard_altar, hangedman_abyss_or_decor_stabs, item_on_display_a,
          uniq_terence, uniq_grinder

Skill      XL: |  1  2  3  4 |
---------------+-------------+-----
Spellcasting   | 3 |  3.0
Fighting       | 1 2 |  2.3
Dodging        | 2 |  2.6
Stealth        | |  1.5
Necromancy     | |  4.7

Action                   |  1- 3 |  4- 6 || total
-------------------------+-------+-------++-------
Melee: Spear             |    41 |    31 ||    72
 Cast: Pain              |    55 |    42 ||    97
       Animate Skeleton  |    26 |    11 ||    37
 Stab: Sleeping          |     1 |       ||     1
Armor: Robe              |    15 |    10 ||    25
Dodge: Dodged            |    34 |    25 ||    59

Table legend:
 A = Spawn XP
 B = Non-spawn XP
 C = Spawn XP percentage of total XP
 D = Spawn monster count
 E = Non-spawn monster count
 F = Spawn count percentage of total count
 G = Total turns spent on level
                    A         B        C        D         E        F      G
               +---------+---------+-------+---------+---------+-------+---------
         Total |       0 |     169 |   0.0 |       0 |      67 |   0.0 |  2600
               +---------+---------+-------+---------+---------+-------+---------
           D:1 |       0 |      36 |   0.0 |       0 |      23 |   0.0 |   804
           D:2 |       0 |     104 |   0.0 |       0 |      35 |   0.0 |  1268
           D:3 |       0 |      29 |   0.0 |       0 |       9 |   0.0 |   528
               +---------+---------+-------+---------+---------+-------+---------
